 Seeded DCSS version 0.29.1-1-gd02db6906a (webtiles) character file.

Game seed: 20221014 (custom seed)

25 Nerdsrcool the Trooper (level 2, 0/26 HPs)
             Began as a Draconian Monk on Oct 14, 2022.
             Slain by an adder (4 damage)
             ... on level 2 of the Dungeon.
             The game lasted 00:04:04 (977 turns).

Nerdsrcool the Trooper (Draconian Monk)              Turns: 977, Time: 00:04:04

Health: 0/26       AC:  4    Str: 13    XL:     2   Next: 86%
Magic:  2/2        EV: 13    Int: 10    God:
Gold:   45         SH:  0    Dex: 13    Spells: 1/1 levels left

rFire   . . .      SeeInvis .   f - +1 dagger (freeze)
rCold   . . .      Faith    .   (no shield)
rNeg    . . .      Spirit   .   (body armour unavailable)
rPois   .          Reflect  .   (helmet restricted)
rElec   .          Harm     .   (no cloak)
rCorr   .          Rampage  .   (no gloves)
Will    .....                   (no boots)
Stlth   ++........              g - amulet of the acrobat
HPRegen 0.08/turn               (no ring)
MPRegen 0.08/turn               (no ring)

@: lethally poisoned (0 -> -4)
A: AC +4, unfitting armour, cold-blooded
a: no special abilities


You were on level 2 of the Dungeon.
You visited 1 branch of the dungeon, and saw 2 of its levels.

You collected 45 gold pieces.

Inventory:

Hand Weapons
 a - a +0 spear
 f - a +1 dagger of freezing (weapon)
Jewellery
 g - an amulet of the acrobat (around neck)
Scrolls
 b - a scroll of immolation {unknown}
 c - a scroll of blinking {unknown}
Potions
 d - a potion of heal wounds {unknown}
 e - 2 potions of degeneration {unknown}
 h - a potion of lignification {unknown}


   Skills:
 + Level 3.6 Fighting
 + Level 3.2 Polearms
 + Level 3.2 Dodging
 + Level 1.8 Stealth


You had one spell level left.
You didn't know any spells.
Your spell library was empty.

Dungeon Overview and Level Annotations

Branches:
Dungeon (2/15)

Altars:


Innate Abilities, Weirdness & Mutations

Your plain brown scales are hard. (AC +4)
You cannot fit into any form of body armour.
You are cold-blooded and may be slowed by cold attacks.


Message History

You are too injured to fight recklessly!
You are too injured to fight recklessly!
You are too injured to fight recklessly!
You are too injured to fight recklessly!
You are too injured to fight recklessly!
You are too injured to fight recklessly!
You are too injured to fight recklessly!
You are too injured to fight recklessly!
You are too injured to fight recklessly!
You are too injured to fight recklessly!
You are too injured to fight recklessly!
You barely miss the adder.
The adder is severely wounded.
You feel sick.
The goblin hits you with a +1 dagger of speed.
The adder barely misses you. The goblin hits you but does no damage.
The hobgoblin hits you.
You miss the adder.
The adder is severely wounded.
You feel sick. The adder misses you. The goblin barely misses you.
The hobgoblin misses you.
You closely miss the adder.
Your tail-slap misses the adder.
The adder is severely wounded.
You feel sick. The goblin closely misses you.
The adder bites you but does no damage. The goblin closely misses you.
The hobgoblin hits you but does no damage.
You closely miss the adder.
The adder is severely wounded.
You feel sick.
You are no longer poisoned.
The adder is no longer moving slowly.
The adder bites you.
* * * LOW HITPOINT WARNING * * *
You are lethally poisoned!
The adder poisons you! The goblin hits you but does no damage.
The hobgoblin barely misses you.
You hit the hobgoblin. You freeze the hobgoblin.
The hobgoblin is severely wounded.
* * * LOW HITPOINT WARNING * * *
You feel sick. The goblin closely misses you. The adder bites you.
You die...

. .. ....... #.
#.##.#.....>.
#.##.#..#.......
#...............
#...............
#...............
#.......gS#.....
#.......@g......
#.........#.....
#.........# ...
#.<...)...# .
#.#.####### #
#<# #.# #.# #.#


You could see an adder, a hobgoblin and a goblin.

Vanquished Creatures
  2 ball pythons (D:1)
  A giant cockroach (D:1)
  2 hobgoblins (D:1)
  2 jackals (D:1)
  4 quokkas (D:1)
  2 bats (D:1)
  5 goblins
  3 kobolds (D:1)
  A rat (D:1)
22 creatures vanquished.

Vanquished Creatures (others)
  26 fungi (D:1)
26 creatures vanquished.

Grand Total: 48 creatures vanquished

Notes
Turn   | Place    | Note
-------+----------+-------------------------------------------
     0 | D:1      | Nerdsrcool the Draconian Monk began the quest for the Orb.
     0 | D:1      | Reached XP level 1. HP: 19/19 MP: 1/1
   469 | D:1      | Reached XP level 2. HP: 22/26 MP: 2/2
   977 | D:2      | Slain by an adder

Illustrated notes

Levels and vault maps discovered:
D:1:      scummos_arrival_checkerplants, layout_rooms
D:2:      layout_basic, serial_shops, nicolae_diamond_shop, uniq_jessica

Skill      XL: |  1  2 |
---------------+-------+-----
Dodging        | 3 |  3.2
Fighting       | |  3.6
Polearms       | |  3.2
Stealth        | |  1.8

Action                   || total
-------------------------++-------
Melee: Spear             ||   176
       Tailslap          ||    46
       Punch             ||     3
       Dagger            ||    46
  Use: Potion            ||     1
 Stab: Sleeping          ||     1
Armor: Skin              ||    55
Dodge: Dodged            ||   106
